 Dungeon Crawl Stone Soup version 0.29.1-2-gbd0b4ee654 (webtiles) character file.

Game seed: 5779344785509716455

93 unlimited1921 the Magician (level 4, -1/31 HPs)
             Began as a Djinni Fire Elementalist on Nov 11, 2022.
             Constricted to death by Robin (3 damage)
             ... on level 3 of the Dungeon.
             The game lasted 00:12:10 (6079 turns).

unlimited1921 the Magician (DjFE)                   Turns: 6079, Time: 00:12:10

Health: -1/31      AC:  2    Str:  7    XL:     4   Next: 92%
Gold:   94         EV:  9    Int: 19    God:
                   SH:  0    Dex: 13

rFire   + + .      SeeInvis .   (no weapon)
rCold   x . .      Faith    .   (no shield)
rNeg    . . .      Spirit   .   a - +0 robe
rPois   ∞          Reflect  .   (no helmet)
rElec   .          Harm     .   (no cloak)
rCorr   .          Rampage  .   (no gloves)
Will    .....                   (boots unavailable)
Stlth   ++........              (no amulet)
HPRegen 0.10/turn               (no ring)
MPRegen 0.00/turn               (no ring)

@: grasped by roots, flying, constricted
A: sickness immunity, fire resistance 2, cold vulnerability 1, float, innate
caster, HP casting, extra vitality 1
a: no special abilities


You were on level 3 of the Dungeon.
You visited 1 branch of the dungeon, and saw 3 of its levels.

You collected 94 gold pieces.

Inventory:

Armour
 a - a +0 robe (worn)
 b - a +0 leather armour
Scrolls
 c - a scroll of magic mapping {unknown}
 d - 2 scrolls of teleportation {unknown}
 e - a scroll of enchant armour {unknown}
 g - 2 scrolls of identify {unknown}
 i - a scroll of fear {unknown}
Potions
 f - a potion of mutation {unknown}
 h - a potion of attraction {unknown}


   Skills:
 + Level 2.3 Dodging
 + Level 2.1 Stealth
 + Level 3.8 Spellcasting


You couldn't memorise any spells.
You knew the following spells:

 Your Spells              Type           Power      Damage    Failure   Level
a - Foxfire               Conj/Fire      72%        2x1d7     3%          1
b - Scorch                Fire           36%        2d6       4%          2
c - Conjure Flame         Conj/Fire      18%        6-21      9%          3
d - Inner Flame           Hex/Fire       18%        N/A       9%          3
e - Flame Wave            Conj/Fire      18%        2d7       28%         4
f - Summon Small Mammal   Summ           72%        N/A       3%          1
Your spell library was empty.

Dungeon Overview and Level Annotations

Branches:
Dungeon (3/15)

Altars:

Annotations:
D:3 Robin


Innate Abilities, Weirdness & Mutations

You are immune to sickness and miasma.
You are immune to poison.
Your flesh is very heat resistant. (rF++)
You are vulnerable to cold. (rC-)
You float through the air rather than walking.
You learn spells naturally, not from books.
Your magical power is your life essence.
You have superior vitality. (+4 MHP)


Message History

Press: ? - help, Dir - move target, f - hobgoblin
Aim: a hobgoblin (chance to affect: 85%)
The hobgoblin is filled with an inner flame.
A goblin comes into view. It is wielding a +0 dagger.
Casting: Inner Flame (quite dangerous; 9% risk of failure)
Confirm with . or Enter, or press ? or * to list all spells.
The spell is quite dangerous to miscast (9% risk of failure)!
Continue anyway?
Aiming: Inner Flame (quite dangerous; 9% risk of failure)
Press: ? - help, Dir - move target, f - goblin, p - hobgoblin
Aim: a goblin, wielding a +0 club (chance to affect: 85%)
The goblin is filled with an inner flame.
Robin zaps a wand.
The roots erupt in riotous growth!
The grasping roots grab you! The grasping roots constrict you.
A goblin comes into view. It is wielding a +0 club.
Casting: Inner Flame (quite dangerous; 9% risk of failure)
Confirm with . or Enter, or press ? or * to list all spells.
The spell is quite dangerous to miscast (9% risk of failure)!
Continue anyway?
Aiming: Inner Flame (quite dangerous; 9% risk of failure)
Press: ? - help, Dir - move target, f - goblin, p - goblin
Aim: a goblin, wielding a +0 dagger (chance to affect: 85%)
The goblin is filled with an inner flame.
The grasping roots constrict you.
* * * LOW HITPOINT WARNING * * *
Casting: Inner Flame (quite dangerous; 9% risk of failure)
Confirm with . or Enter, or press ? or * to list all spells.
Flames lash the goblin.
* * * LOW HITPOINT WARNING * * *
The goblin explodes!
The goblin unwields a +0 club.
The goblin wields a +0 sling.
The goblin shoots a sling bullet.
The sling bullet barely misses you.
A goblin comes into view. It is wielding a +0 dagger.
Robin throws the goblin at you!
* * * LOW HITPOINT WARNING * * *
The grasping roots constrict you.
* * * LOW HITPOINT WARNING * * *
You hit the goblin but do no damage.
A goblin comes into view. It is wielding a +0 dagger.
The grasping roots constrict you.
You die...

#....................
#.###################
#.##.# # #....# #
####.# # #.# # #.# #
#g# ...# #@# .....
...§§....# ...##
...§)§§### ..##
...§§§§ #.. ....g§☼
+.. .....gg ####..
....... ......
......g ...... ......


You could see Robin and 4 goblins.

Vanquished Creatures
  3 adders (D:2)
  3 worms (D:2)
  A dart slug (D:2)
  3 ball pythons
  10 endoplasms
  A giant cockroach (D:2)
  8 hobgoblins
  6 kobolds
  2 quokkas
  4 bats
  9 frilled lizards (D:2)
  2 goblins
  4 rats
56 creatures vanquished.

Vanquished Creatures (others)
  207 foxfires
207 creatures vanquished.

Grand Total: 263 creatures vanquished

Notes
Turn   | Place    | Note
-------+----------+-------------------------------------------
     0 | D:1      | unlimited1921 the Djinni Fire Elementalist began the quest
                  | for the Orb.
     0 | D:1      | unlimited1921 set off with the following spells memorised:
                  | Foxfire, Scorch, Conjure Flame, Inner Flame, Flame Wave.
     0 | D:1      | Reached XP level 1. HP: 15/15 MP: 0/0
   729 | D:1      | Reached XP level 2. HP: 17/21 MP: 0/0
  2689 | D:1      | Reached skill level 3 in Spellcasting
  3044 | D:1      | Found a faded altar of an unknown god.
  3075 | D:1      | Reached XP level 3. HP: 21/25 MP: 0/0
  3075 | D:1      | Learned a level 1 spell: Summon Small Mammal
  3191 | D:1      | You are sucked into a shaft and drop 1 floor!
  3945 | D:2      | Reached XP level 4. HP: 16/31 MP: 0/0
  6074 | D:3      | Noticed Robin
  6079 | D:3      | Constricted to death by Robin

Illustrated notes

Levels and vault maps discovered:
D:1:      mushboom_english_gardens, layout_loops_cross,
          shapermc_ecumenical_altar_hornbeckon, serial_rivers,
          chequers_serial_rivers_large_b, chequers_serial_rivers_small_3,
          chequers_serial_rivers_micro_b, chequers_serial_rivers_micro_d,
          chequers_serial_rivers_large_a, chequers_serial_rivers_micro_e
D:2:      layout_rooms, minmay_lizard_pond
D:3:      cheibrodos_old_hovel, layout_basic, uniq_robin

Skill      XL: |  1  2  3  4 |
---------------+-------------+-----
Spellcasting   | 3 |  3.8
Stealth        | 2 |  2.1
Dodging        | |  2.3

Action                   |  1- 3 |  4- 6 || total
-------------------------+-------+-------++-------
Melee: Unarmed           |       |     1 ||     1
 Cast: Foxfire           |    75 |    57 ||   132
       Scorch            |     8 |     5 ||    13
       Inner Flame       |     2 |     4 ||     6
Armor: Robe              |     3 |     1 ||     4
Dodge: Dodged            |     2 |     4 ||     6
